 Dungeon Crawl Stone Soup version 0.30-a0-1160-g6e42c06551 (webtiles) character file.

Game seed: 5086821662181910800

8596 hwolsky the Cleaver (level 11, -12/99 HPs)
             Began as a Minotaur Fighter on Apr 25, 2023.
             Was a Follower of Okawaru.
             Mangled by rinse's ghost (17 damage)
             ... on level 9 of the Dungeon.
             The game lasted 00:29:50 (9610 turns).

hwolsky the Cleaver (Minotaur Fighter)              Turns: 9610, Time: 00:29:53

Health: -12/99     AC: 18    Str: 26    XL:     11   Next: 12%
Magic:  10/10      EV: 12    Int:  7    God:    Okawaru [*.....]
Gold:   821        SH:  6    Dex:  9    Spells: 10/10 levels left

rFire   + . .        r - +1 broad axe
rCold   + + .        c - +0 buckler
rNeg    . . .        l - +0 plate armour
rPois   +            m - +2 hat
rElec   .            q - scarf {rC+ rF+}
rCorr   +            (no gloves)
SInv    .            y - +1 pair of boots
Will    .....        (no amulet) Stlth
                     v - ring of resist corrosion
HPRegen 0.36/turn    p - ring "Koonaraf" {rPois rC+ EV+5 Int+2 Slay-3}
MPRegen 0.12/turn

%: no passive effects
@: no status effects
A: horns 2, retaliatory headbutt
a: Renounce Religion, Heroism


You were on level 9 of the Dungeon.
You worshipped Okawaru.
Okawaru was aware of your devotion.
You visited 2 branches of the dungeon, and saw 10 of its levels.
You also visited: Ossuary.

You collected 821 gold pieces.

Inventory:

Hand Weapons
 r - a +1 broad axe (weapon)
Missiles
 d - 12 boomerangs (quivered)
Armour
 c - a +0 buckler (worn)
 l - a +0 plate armour (worn)
 m - a +2 hat (worn)
 q - a scarf of resistance (worn)
 y - a +1 pair of boots (worn)
Jewellery
 p - the ring "Koonaraf" (right hand) {rPois rC+ EV+5 Int+2 Slay-3}
   (You found it on level 4 of the Dungeon)

   [ring of evasion]

   EV:        It affects your evasion (+5).
   Int:       It affects your intelligence (+2).
   Slay:      It affects your accuracy & damage with ranged weapons and melee
   (-3).
   rC:        It protects you from cold.
   rPois:     It protects you from poison.
 v - a ring of resist corrosion (left hand)
Wands
 n - a wand of mindburst (9)
 t - a wand of digging (5)
 u - a wand of roots (17)
Scrolls
 a - 3 scrolls of identify
 f - a scroll of torment {unknown}
 j - 7 scrolls of fog
 k - a scroll of magic mapping
Potions
 b - a potion of cancellation
 e - 4 potions of magic
 g - a potion of berserk rage
 h - a potion of invisibility
 o - a potion of mutation
 x - a potion of brilliance
 z - a potion of haste


   Skills:
 + Level 10.0 Fighting
 * Level 13.2 Axes
 + Level 9.9 Armour
 + Level 10.0 Shields
 + Level 0.8 Invocations


You had 10 spell levels left.
You didn't know any spells.
Your spell library contained the following spells:

 Spells                   Type           Power      Damage    Failure   Level
 Vhi's Electric Charge    Tloc/Air       0%         N/A       100%        3
 Arcjolt                  Conj/Air       0%         1d10      100%        5
 Maxwell's Capacitive Co  Air            0%         ∞         100%        8


Dungeon Overview and Level Annotations

Branches:
Dungeon (9/15)             Temple (1/1) D:7         Ossuary (visited)
   Lair: D:8-11         Orc: D:9-12

Altars:
Ashenzari
Cheibriados
Elyvilon
Fedhas
Gozag
Hepliaklqana
Kikubaaqudgha
Makhleb
Nemelex Xobeh
Okawaru
Qazlal
Ru
Sif Muna
Trog
Uskayaw
Vehumet
Wu Jian
Xom
Yredelemnul
Zin
The Shining One

Annotations:
D:9 rinse's ghost, novice MfGl


Innate Abilities, Weirdness & Mutations

You have a pair of horns on your head.
You reflexively headbutt those who attack you in melee.


Message History

Rinse's ghost barely misses you.
You barely miss rinse's ghost.
Rinse's ghost is lightly damaged.
Rinse's ghost barely misses you.
You slash rinse's ghost! Your headbutt misses rinse's ghost.
Rinse's ghost is moderately damaged.
Rinse's ghost hits you but does no damage.
You writhe in agony.
You slice rinse's ghost!! Your headbutt misses rinse's ghost.
Rinse's ghost is heavily damaged.
Rinse's ghost hits you!
You writhe in agony.
You completely miss rinse's ghost. Your headbutt misses rinse's ghost.
Rinse's ghost is heavily damaged.
Rinse's ghost hits you but does no damage.
You writhe in agony.
* * * LOW HITPOINT WARNING * * *
You closely miss rinse's ghost.
Rinse's ghost is heavily damaged.
Rinse's ghost hits you but does no damage.
You completely miss rinse's ghost.
Rinse's ghost is heavily damaged.
Rinse's ghost hits you but does no damage.
You completely miss rinse's ghost. Your headbutt misses rinse's ghost.
Rinse's ghost is heavily damaged.
You miss rinse's ghost.
Rinse's ghost is heavily damaged.
Rinse's ghost casts a spell.
Rinse's ghost blinks!
You closely miss rinse's ghost.
Rinse's ghost is heavily damaged.
Rinse's ghost hits you!!
* * * LOW HITPOINT WARNING * * *
You writhe in agony.
* * * LOW HITPOINT WARNING * * *
Aiming: Mindburst
Press: ? - help, Q - select action, (/) - cycle Shift-Dir - straight line, f/p - rinse's ghost
Aim: rinse's ghost, wielding a weapon of pain (heavily damaged, chance to affect: 25%) Rinse's ghost resists with almost no effort.
Rinse's ghost hits you!
You die...

'##### ##<.# .## ###..##
...## #...## #..#
###'####### ###'######
#........<### #####
..W.....§####.........'.#
#...(
.........##.'.........#.#
#....
.........##.#.........#.#
#.... )........+
#..W@.....#.# #....
)........#
#.........#.#####....
...§.....#
#.........#.......)..
.........#
#.........#######....
.........# #.........#
##### ##########
#.........# ###########


You could see rinse's ghost.

Vanquished Creatures
  Gastronok (D:8)
  A two-headed ogre (D:7)
  Pikel (D:4)
  A rime drake (D:9)
  2 trolls
  A hornet (D:9)
  A wraith (D:9)
  2 steam dragons (D:7)
  An unseen horror simulacrum (D:9)
  8 yaks
  Duvessa (D:5)
  A water moccasin (D:6)
  3 sky beasts
  2 ice beasts (D:9)
  An orc warrior (D:7)
  2 ogres
  A centaur (D:9)
  A kobold brigand (D:7)
  2 phantoms (D:5)
  2 elf zombies (Ossuary)
  Blork the orc (D:6)
  3 bullfrogs
  2 gnoll sergeants (D:9)
  14 wights
  Dowan (D:5)
  6 killer bees (D:9)
  A crimson imp (D:3)
  A centaur zombie (Ossuary)
  4 hounds
  2 human zombies (Ossuary)
  An orc priest (D:7)
  2 gnoll boudas
  4 sleepcaps
  8 iguanas
  3 orc wizards
  2 mummies (Ossuary)
  11 adders
  16 gnolls
  A shadow imp (D:6)
  5 white imps
  A howler monkey simulacrum (D:9)
  An adder zombie (Ossuary)
  A worm (D:3)
  2 dart slugs
  15 orcs
  8 endoplasms
  A giant cockroach (D:4)
  16 goblins
  8 hobgoblins
  A jackal (D:4)
  25 kobolds
  5 quokkas
  4 ball pythons
  5 bats
  A frilled lizard (D:2)
  A goblin zombie (Ossuary)
  7 hobgoblin zombies (Ossuary)
  A jackal zombie (Ossuary)
  9 kobold zombies (Ossuary)
  12 orc zombies (Ossuary)
  2 rats
  A rat zombie (Ossuary)
250 creatures vanquished.

Vanquished Creatures (others)
  A kobold (D:7)
  74 plants (D:7)
75 creatures vanquished.

Grand Total: 325 creatures vanquished

Notes
Turn   | Place    | Note
-------+----------+-------------------------------------------
     0 | D:1      | hwolsky the Minotaur Fighter began the quest for the Orb.
     0 | D:1      | Reached XP level 1. HP: 19/19 MP: 0/0
   232 | D:1      | Reached XP level 2. HP: 18/27 MP: 1/1
   368 | D:1      | Reached skill level 3 in Axes
  1192 | D:2      | Reached XP level 3. HP: 26/33 MP: 2/2
  1193 | D:2      | Found an opulent altar of Gozag.
  1991 | D:3      | Found a hide-covered altar of Uskayaw.
  2186 | D:3      | Reached XP level 4. HP: 40/40 MP: 3/3
  2224 | D:3      | Found a snail-covered altar of Cheibriados.
  2246 | D:3      | Found a burning altar of Makhleb.
  2246 | D:3      | Found a shimmering altar of Xom.
  2264 | D:3      | Reached skill level 4 in Axes
  2910 | D:4      | Reached XP level 5. HP: 47/47 MP: 4/4
  2994 | D:4      | Noticed Pikel
  2994 | D:4      | Noticed a lemure
  2995 | D:4      | Noticed a lemure
  2995 | D:4      | Noticed a lemure
  2995 | D:4      | Noticed a lemure
  3010 | D:4      | Killed Pikel
  3011 | D:4      | Reached skill level 5 in Fighting
  3011 | D:4      | Reached skill level 6 in Axes
  3011 | D:4      | Reached skill level 5 in Armour
  3011 | D:4      | Reached skill level 5 in Shields
  3011 | D:4      | Reached XP level 6. HP: 25/56 MP: 5/5
  3011 | D:4      | Reached XP level 7. HP: 28/61 MP: 6/6
  3524 | D:4      | Reached skill level 7 in Axes
  3698 | D:4      | Identified the ring "Koonaraf" {rPois rC+ EV+5 Int+2
                  | Slay-3}
  3759 | D:4      | Reached XP level 8. HP: 68/70 MP: 7/7
  3874 | D:5      | Entered Level 5 of the Dungeon
  3947 | D:5      | Found an opulent altar of Gozag.
  4204 | D:5      | Found a sand-covered staircase.
  4210 | Ossuary  | Entered an ossuary
  4331 | Ossuary  | Reached skill level 8 in Axes
  4938 | D:5      | Noticed Duvessa
  4939 | D:5      | Noticed Dowan
  4949 | D:5      | Killed Duvessa
  4950 | D:5      | Reached skill level 9 in Axes
  4953 | D:5      | Killed Dowan
  5224 | D:6      | Reached XP level 9. HP: 34/79 MP: 8/8
  5383 | D:6      | Noticed a troll
  5391 | D:6      | Killed a troll
  5466 | D:6      | Noticed Blork the orc
  5472 | D:6      | Killed Blork the orc
  5700 | D:6      | Found a sacrificial altar of Ru.
  5905 | D:7      | Found a staircase to the Ecumenical Temple.
  5915 | Temple   | Entered the Ecumenical Temple
  6249 | D:7      | Reached skill level 10 in Axes
  6418 | D:7      | Noticed a two-headed ogre
  6426 | D:7      | Killed a two-headed ogre
  6699 | D:7      | Reached skill level 11 in Axes
  7015 | D:7      | Found a hazy altar of Hepliaklqana.
  7017 | D:7      | Found a bloodstained altar of Trog.
  7148 | D:8      | Reached XP level 10. HP: 32/90 MP: 9/9
  7520 | D:8      | Noticed Gastronok
  7553 | D:8      | Killed Gastronok
  7554 | D:8      | Reached skill level 12 in Axes
  8136 | D:8      | Found an iron altar of Okawaru.
  8141 | D:8      | Became a worshipper of Warmaster Okawaru
  8628 | D:9      | Reached * piety under Okawaru
  8875 | D:9      | Found a runed translucent gate.
  8875 | D:9      | Found a runed translucent gate.
  8875 | D:9      | Found a runed translucent gate.
  8966 | D:9      | Reached skill level 13 in Axes
  8967 | D:9      | Reached XP level 11. HP: 69/99 MP: 10/10
  8975 | D:9      | Noticed rinse's ghost (novice MfGl)
  9078 | D:9      | Reached skill level 10 in Fighting
  9092 | D:9      | Reached skill level 10 in Shields
  9142 | D:9      | HP: 3/99 [rinse's ghost (3)]
  9610 | D:9      | Mangled by rinse's ghost

Illustrated notes

Levels and vault maps discovered:
D:1:      dpeg_arrival_castle, layout_loops_corners,
          chequers_serial_rivers_small_3
D:2:      layout_basic, basic_altar, grunt_ministairs_3
D:3:      layout_basic, grunt_temple_overflow_champion_of_chaos,
          mainiacjoe_overflow_24_doors, mainiacjoe_overflow_paths
D:4:      minmay_polygon_palace, layout_rooms, uniq_pikel
D:5:      layout_cave_pods, mainiacjoe_overflow_brackets,
          nicolae_ossuary_entry_plus, uniq_duvessa
D:6:      layout_cave_pools, nicolae_ru_awakened_eye, uniq_blork_the_orc
D:7:      kennysheep_kobold_camp, layout_basic, minitemple, temple_fountains,
          hangedman_decor_opposing
D:8:      layout_gridville, kennysheep_little_box,
          minmay_misc_feat_more_columns, uniq_gastronok
D:9:      layout_roguey, gammafunk_ghost_icy, onia_ninara_cookie
Temple:   minmay_temple_bridge_abc

Skill      XL: |  1  2  3  4  5  6  7  8  9 10 11 |
---------------+----------------------------------+-----
Axes           | 3 4 6 7 9 11 13 | 13.2
Fighting       | 4 5 6 7 8 9 10 | 10.0
Armour         | 4 5 6 7 8 9 |  9.9
Shields        | 4 5 6 7 8 9 10 | 10.0
Invocations    | |  0.8

Action                     |  1- 3 |  4- 6 |  7- 9 | 10-12 || total
---------------------------+-------+-------+-------+-------++-------
  Melee: War axe           |   107 |    67 |   261 |       ||   435
         Headbutt          |    11 |     7 |    52 |    31 ||   101
         Broad axe         |       |       |    12 |   262 ||   274
  Throw: Boomerang         |       |       |       |     8 ||     8
 Invoke: Heroism           |       |       |       |     3 ||     3
  Evoke: Wand              |       |       |       |     3 ||     3
    Use: Scroll            |     6 |     5 |     6 |     7 ||    24
         Potion            |       |     2 |     1 |    12 ||    15
 Armour: Scale mail        |    61 |       |       |       ||    61
         Plate armour      |     6 |    34 |   164 |   127 ||   331
  Dodge: Dodged            |    55 |    15 |    69 |    79 ||   218
  Block: Buckler           |    13 |    14 |    60 |    69 ||   156

Table legend: (Time is in decaauts)
 A = Elapsed time spent in this place.
 B = Non-inter-level travel time spent in this place.
 C = Inter-level travel time spent in this place.
 D = Time resting spent in this place.
 E = Time spent auto-exploring this place.
 F = Levels seen in this place.
 G = Mean time per level.
                   A        B        C        D        E       F      G
               +--------+--------+--------+--------+--------+-----+--------+
         Total |   9710 |   9501 |    209 |    780 |   6076 |  11 |  882.7 |
       Dungeon |   9246 |   9037 |    209 |    780 |   5899 |   9 | 1027.3 |
        Temple |    215 |    215 |      0 |      0 |    174 |   1 |  215.0 |
       Ossuary |    247 |    247 |      0 |      0 |      3 |   1 |  247.0 |
               +--------+--------+--------+--------+--------+-----+--------+

Top non-repeatable levels by time:
     D:8: 1265 daAuts
     D:9: 1252 daAuts
     D:3: 1117 daAuts
     D:5: 1105 daAuts
     D:1: 1050 daAuts
     D:7: 995 daAuts
     D:4: 986 daAuts
     D:2: 793 daAuts
     D:6: 680 daAuts
 Ossuary: 247 daAuts
  Temple: 215 daAuts
